 Dungeon Crawl Stone Soup version 0.31-a0-222-gefeffbb62a (webtiles) character file.

Game seed: 12400035600221511432

264 qw the Shooter (level 5, 0/45 HPs)
             Began as a Minotaur Hexslinger on July 4, 2023.
             Slain by an iguana (5 damage)
             ... on level 5 of the Dungeon.
             The game lasted 00:01:05 (2461 turns).

qw the Shooter (Minotaur Hexslinger)                Turns: 2461, Time: 00:01:06

Health: 0/45       AC:  5    Str: 13    XL:     5   Next: 98%
Magic:  5/5        EV: 11    Int: 10    God:
Gold:   170        SH:  0    Dex: 14    Spells: 5/6 levels left

rFire   . . .        Y - +1 sling
rCold   . . .        (no shield)
rNeg    . . .        e - +0 ring mail
rPois   .            (helmet restricted)
rElec   .            (no cloak)
rCorr   .            (no gloves)
SInv    +            (no boots)
Will    .....        (no amulet)
Stlth   +            k - ring of see invisible
HPRegen 0.27/turn    (no ring)
MPRegen 0.09/turn

%: no passive effects
@: no status effects
A: horns 2, retaliatory headbutt
a: no special abilities


You were on level 5 of the Dungeon.
You visited 1 branch of the dungeon, and saw 4 of its levels.

You collected 170 gold pieces.


Innate Abilities, Weirdness & Mutations

You have a pair of horns on your head.
You reflexively headbutt those who attack you in melee.


   Skills:
 - Level 3.6 Fighting
 + Level 5.8 Ranged Weapons
 - Level 1.5 Armour
 - Level 2.1 Dodging
 - Level 1.0 Spellcasting
 - Level 2.0 Hexes


You had 5 spell levels left.
You knew the following spells:

 Your Spells              Type           Power      Damage    Failure   Level
a - Slow                  Hex            16%        N/A       32%         1

Your spell library contained the following spells:

 Spells                   Type           Power      Damage    Failure   Level
 Inner Flame              Hex/Fire       2%         N/A       82%         3
 Portal Projectile        Hex/Tloc       4%         N/A       82%         3
 Cause Fear               Hex            2%         N/A       97%         4

Inventory:

Hand Weapons
 Y - a +1 sling (weapon)
Armour
 b - a +0 pair of boots
 e - a +0 ring mail (worn)
Jewellery
 k - a ring of see invisible (left hand)
Scrolls
 a - 3 scrolls of identify
Potions
 c - a potion of might {unknown}
 f - 2 potions of curing
 g - a potion of degeneration {unknown}
 h - a potion of mutation {unknown}
 i - a potion of magic {unknown}
 j - a potion of lignification {unknown}
 m - a potion of berserk rage {unknown}

Dungeon Overview and Level Annotations

Branches:
Dungeon (3/15)

Altars:

Annotations:
D:3 3 runed translucent doors


Message History

The sling bullet hits the iguana but does no damage.
The iguana bites you!
You shoot a sling bullet.
The sling bullet barely misses the iguana.
The iguana bites you!
You shoot a sling bullet.
The sling bullet barely misses the iguana.
The iguana bites you.
You shoot a sling bullet.
The sling bullet closely misses the iguana.
The iguana closely misses you. You furiously retaliate!
You headbutt the iguana. The iguana barely misses you.
You shoot a sling bullet.
The sling bullet barely misses the iguana.
The iguana bites you!
You shoot a sling bullet. The sling bullet hits the iguana.
The iguana is lightly wounded.
The iguana barely misses you.
You shoot a sling bullet.
The sling bullet hits the iguana but does no damage.
The iguana is lightly wounded.
The iguana bites you but does no damage.
You shoot a sling bullet. The sling bullet hits the iguana.
The iguana is moderately wounded.
The iguana barely misses you.
You shoot a sling bullet. The sling bullet hits the iguana.
The iguana is heavily wounded.
The iguana closely misses you. The iguana bites you.
You shoot a sling bullet.
The sling bullet hits the iguana but does no damage.
The iguana is heavily wounded.
The iguana bites you.
You shoot a sling bullet.
The sling bullet barely misses the iguana.
The iguana completely misses you.
You shoot a sling bullet.
The sling bullet hits the iguana but does no damage.
The iguana is heavily wounded.
The iguana bites you.
You die...

##.....# ##...#
#..##### #....#
##.....###....#
#####........#
####.....#
#......# ####
##.....#
#....#......#
#.....@.....#
#.....l.....#
#............#
.....###.....#
#.... #.....#
.... ........
...### ....
....... ...... .
...
.......##.......
.......#...#...


You could see an iguana.

Vanquished Creatures
  A howler monkey (D:5)
  An orc priest (D:2)
  A jelly (D:5)
  An iguana (D:5)
  An orc wizard (D:3)
  4 adders
  3 dart slugs
  13 orcs
  6 ball pythons
  4 bats (D:1)
  2 giant cockroaches (D:3)
  4 goblins
  8 hobgoblins
  4 kobolds
  4 quokkas
  2 frilled lizards
  3 rats
62 creatures vanquished.

Notes
Turn   | Place    | Note
-------+----------+-------------------------------------------
     0 | D:1      | qw the Minotaur Hexslinger began the quest for the Orb.
     0 | D:1      | Reached XP level 1. HP: 16/16 MP: 1/1
     0 | D:1      | 0 ||| qw: Version: 0.3-a-46-gb1f654a
     0 | D:1      | 0 ||| qw: Game counter: 962
     0 | D:1      | 0 ||| qw: Melee chars always use a shield: true
     0 | D:1      | 0 ||| qw: God list: Okawaru
     0 | D:1      | 0 ||| qw: Allow faded altars: false
     0 | D:1      | 0 ||| qw: Do Orc after clearing Dungeon:15 true
     0 | D:1      | 0 ||| qw: Do second Lair branch before Depths: true
     0 | D:1      | 0 ||| qw: Lair rune preference: random
     0 | D:1      | 0 ||| qw: Goals: Normal
     0 | D:1      | 0 ||| PLANNING D:1-11
    25 | D:1      | HP: 4/16 [hobgoblin (3)]
   117 | D:1      | Reached skill level 3 in Ranged Weapons
   117 | D:1      | Reached XP level 2. HP: 23/23 MP: 2/2
   494 | D:1      | 494 ||| UPGRADING to +0 leather armour.
   504 | D:1      | 504 ||| DROPPING +0 robe.
   505 | D:1      | 505 ||| DROPPING +6 ring of intelligence.
   506 | D:1      | 506 ||| UPGRADING to ring of see invisible.
   507 | D:1      | 507 ||| READING 4 scrolls labelled ZAOWNI YKLUWO.
   508 | D:1      | 508 ||| READING scroll labelled OWKI BUTRANN.
   509 | D:1      | 509 ||| READING scroll labelled TEORCH NIAHI.
   510 | D:1      | 510 ||| READING 3 scrolls of identify.
   510 | D:1      | 510 ||| IDENTIFYING golden potion
   511 | D:1      | 511 ||| READING 2 scrolls of identify.
   511 | D:1      | 511 ||| IDENTIFYING metallic green potion
   512 | D:1      | 512 ||| DROPPING scroll of poison.
   541 | D:2      | Found a faded altar of an unknown god.
   613 | D:2      | Reached XP level 3. HP: 19/29 MP: 3/3
   617 | D:2      | HP: 4/29 [adder (4)]
   618 | D:2      | 618 ||| DRINKING potion of heal wounds.
   619 | D:2      | Reached skill level 4 in Ranged Weapons
   719 | D:2      | 719 ||| UPGRADING to +0 ring mail.
   720 | D:2      | 720 ||| UPGRADING to +0 ring mail.
   725 | D:2      | 725 ||| UPGRADING to +0 ring mail.
   730 | D:2      | 730 ||| DROPPING +0 leather armour.
   731 | D:2      | 731 ||| READING scroll labelled EBAWEMO COICAI.
   741 | D:2      | 741 ||| DRINKING 2 inky potions.
   742 | D:2      | 742 ||| DROPPING potion of attraction.
   991 | D:2      | Reached skill level 1 in Armour
  1053 | D:2      | Reached XP level 4. HP: 36/36 MP: 4/4
  1450 | D:2      | 1450 ||| READING scroll labelled GIXTIU CIUHU.
  1577 | D:3      | 1577 ||| Stepping ~*~*~tactically~*~*~ (outnumbered).
  1585 | D:3      | HP: 8/36 [orc priest/+2 vampiric hand axe (5)]
  1586 | D:3      | 1586 ||| READING 2 scrolls of teleportation.
  1588 | D:3      | 1588 ||| DRINKING 3 potions of curing.
  1588 | D:3      | 1588 ||| (to cure confusion)
  1591 | D:3      | Reached skill level 5 in Ranged Weapons
  1705 | D:3      | Reached XP level 5. HP: 39/41 MP: 5/5
  1801 | D:3      | Found a runed translucent gate.
  1801 | D:3      | Found a runed translucent gate.
  1803 | D:3      | Found a runed translucent gate.
  2177 | D:3      | You fall into a shaft and drop 2 floors!
  2177 | D:5      | Entered Level 5 of the Dungeon
  2210 | D:5      | Reached skill level 3 in Fighting
  2228 | D:5      | HP: 7/45 [iguana (10)]
  2229 | D:5      | 2229 ||| READING scroll of teleportation.
  2238 | D:5      | HP: 3/45 [orc/+0 flail (7)]
  2240 | D:5      | HP: 1/45 [orc/+0 dagger (2)]
  2458 | D:5      | HP: 9/45 [iguana (6)]
  2461 | D:5      | Slain by an iguana

Levels and vault maps discovered:
D:1:      dpeg_arrival_windows_large_door, layout_rooms, minmay_split_cup_large
D:2:      cheibrodos_pilgrimage, layout_loops_corners, basic_ecumenical_altar,
          minmay_close_crescents
D:3:      corexii_shack_village, layout_basic, ebering_ghost_rock_garden
D:5:      layout_cave_pools, grunt_decor_arrowhead, hangedman_decor_lopped,
          dreamdust_princess_corridor, minivault_24,
          amcnicky_mini_corridor_feature

Skill      XL: |  1  2  3  4  5 |
---------------+----------------+-----
Ranged Weapons | 3 4 5 |  5.8
Fighting       | 2 3 |  3.6
Armour         | 1 |  1.5
Dodging        | |  2.1
Spellcasting   | |  1.0
Hexes          | |  2.0

Action                     |  1- 3 |  4- 6 || total
---------------------------+-------+-------++-------
   Fire: Sling             |   100 |   144 ||   244
    Use: Scroll            |     6 |     3 ||     9
         Potion            |     2 |     1 ||     3
 Armour: Robe              |    10 |       ||    10
         Ring mail         |     8 |    29 ||    37
         Leather armour    |     1 |       ||     1
  Dodge: Dodged            |    44 |    57 ||   101

Table legend:
 A = Non-vault XP
 B = Vault XP
 C = Vault XP percentage of total XP
 D = Non-vault monster count
 E = Vault monster count
 F = Vault count percentage of total count
                 A         B        C        D         E       F
            +---------+---------+-------+---------+---------+-------
      Total |     269 |     109 |  28.8 |      39 |      23 |  37.1
            +---------+---------+-------+---------+---------+-------
        D:1 |      22 |       7 |  24.1 |      10 |       4 |  28.6
        D:2 |      43 |      81 |  65.3 |      15 |       8 |  34.8
        D:3 |      48 |      21 |  30.4 |       7 |      11 |  61.1
        D:5 |     156 |       0 |   0.0 |       7 |       0 |   0.0
            +---------+---------+-------+---------+---------+-------
